 Dungeon Crawl Stone Soup version 0.19-b1-5-gdc9fa9d (webtiles) character file.

3994 Gorglomux the Basher (level 10, -3/74 HPs)
             Began as a Formicid Fighter on Oct 31, 2016.
             Was a Follower of Hepliaklqana.
             Killed from afar by Erolcha (32 damage)
             ... with a crystal spear
             ... on level 9 of the Dungeon.
             The game lasted 00:19:19 (7873 turns).

Gorglomux the Basher (Formicid Fighter)             Turns: 7873, Time: 00:19:20

Health: -3/74      AC: 12    Str: 31    XL:     10   Next: 46%
Magic:  10/10      EV:  8    Int:  7    God:    Hepliaklqana [*.....]
Gold:   440        SH: 10    Dex: 10    Spells: 0 memorised, 9 levels left

rFire  . . .     SeeInvis +     y - +4 flail (holy)
rCold  . . .     Gourm    .     E - +6 scale mail of Benevolence {rN+ MR- rCorr Str+6}
rNeg   + . .     Faith    .     c - +0 shield
rPois  .         Spirit   .     (helmet unavailable)
rElec  .         Reflect  .     (no cloak)
rCorr  +         Harm     .     (no gloves)
MR     .....                    (no boots)
Stlth  ..........               (no amulet)
                                (no ring)
                                (no ring)

@: no status effects
A: permanent stasis, dig shafts and tunnels, four strong arms, reduced essence,
antennae 3
a: Dig, Shaft Self, Recall Ancestor, Ancestor Identity, Renounce Religion


You were on level 9 of the Dungeon.
You worshipped Hepliaklqana.
Hepliaklqana was aware of your devotion.
You were hungry.

You visited 2 branches of the dungeon, and saw 10 of its levels.

You collected 440 gold pieces.

Inventory:

Hand Weapons
 y - a +4 flail of holy wrath (weapon)
 C - a +1 dire flail of protection
 N - a +0 eveningstar
Armour
 b - a +0 scale mail
 c - a +0 shield (worn)
 E - the +6 scale mail of Benevolence (worn) {rN+ MR- rCorr Str+6}
   (You found it on level 6 of the Dungeon)

   It affects your strength (+6).
   It protects you from negative energy.
   It affects your resistance to hostile enchantments.
   It protects you from acid and corrosion.
Jewellery
 H - an uncursed ring of fire
Wands
 I - a wand of digging (6/24)
 J - a wand of random effects (33/48)
 K - a wand of iceblast (5/15)
 M - a wand of polymorph (9/24)
Scrolls
 g - a scroll of brand weapon {unknown}
 k - 2 scrolls of remove curse
 m - 2 scrolls of enchant weapon
 q - a scroll of amnesia
 r - 2 scrolls of recharging {unknown}
 v - a scroll of random uselessness {unknown}
 D - 2 scrolls of teleportation {unknown}
 F - 2 scrolls of enchant armour {unknown}
 G - a scroll of silence {unknown}
Potions
 d - a potion of might
 e - 2 potions of brilliance {unknown}
 h - a potion of berserk rage {unknown}
 i - a potion of cure mutation {unknown}
 l - 2 potions of curing {unknown}
 n - 5 potions of heal wounds {unknown}
 p - 2 potions of invisibility {unknown}
 s - 2 potions of agility {unknown}
 t - 2 potions of beneficial mutation {unknown}
 w - a potion of haste
 L - a potion of cancellation {unknown}
Books
 x - a book of Frost

   Spells                             Type                      Level
   a - Freeze                         Ice                          1
   b - Throw Frost                    Conjuration/Ice              2
   c - Ozocubu's Armour               Charms/Ice                   3
   d - Throw Icicle                   Conjuration/Ice              4
   e - Summon Ice Beast               Ice/Summoning                4
 B - a book of Maledictions

   Spells                             Type                      Level
   a - Corona                         Hexes                        1
   b - Ensorcelled Hibernation        Hexes/Ice                    2
   c - Confuse                        Hexes                        3
   d - Tukima's Dance                 Hexes                        3
   e - Dazzling Spray                 Conjuration/Hexes            3
Comestibles
 a - 7 chunks of flesh
 f - 12 bread rations
 j - 9 beef jerkies
 o - 3 meat rations
 u - a royal jelly
 z - a slice of pizza
 A - 4 fruits


   Skills:
 + Level 9.6 Fighting
 * Level 11.9 Maces & Flails
 - Level 3.2 Armour
 - Level 3.6 Shields


You had 9 spell levels left.
You didn't know any spells.

Dungeon Overview and Level Annotations

Branches:
Dungeon (9/15)             Temple (1/1) D:6
   Lair: D:8-11         Orc: D:9-12

Altars:
Ashenzari
Cheibriados
Dithmenos
Elyvilon
Fedhas
Gozag
Hepliaklqana
Kikubaaqudgha
Makhleb
Nemelex Xobeh
Okawaru
Qazlal
Ru
Sif Muna
Trog
Uskayaw
Vehumet
Xom
Yredelemnul
Zin
The Shining One

Annotations:
D:9 Erolcha


Innate Abilities, Weirdness & Mutations

You are under a permanent stasis effect.
You can dig through walls and to a lower floor.
Your four strong arms can wield two-handed weapons with a shield.
You have a pair of large antennae on your head. (SInv)
Your life essence is reduced. (-10% HP)


Message History

Erolcha the Cunning comes into view.
She is wielding a giant club.
Erolcha shouts!
You are feeling hungry.
Found a scimitar.
Erolcha gestures at you while chanting. The crystal spear hits you!
Okay, then.
You bludgeon Erolcha!!
Erolcha is moderately wounded.
Jeanette hits Erolcha.
Erolcha gestures at you while chanting. The bolt of cold hits you!
You barely miss Erolcha.
Erolcha is moderately wounded.
Jeanette hits Erolcha!
You sock Erolcha!
Erolcha is severely wounded.
Erolcha casts a spell at you. The crystal spear hits you!
You die...

≈≈≈......#
§§§≈≈....).#
§§≈≈≈≈.....#
.§≈§≈≈≈....#
.§≈§§≈§.§..#
#.≈≈§≈§§§..#
#.§§≈≈§§§O.#
§.≈§§≈≈.R@.#
.≈≈≈≈≈.§...#
.≈≈≈≈§≈....#
§§§≈§§§§...#
≈≈≈≈≈......#
≈≈≈≈.......#
≈≈≈........#
§..........#
§..........#


You could see the friendly Jeanette the ancestor and Erolcha.

Vanquished Creatures
  Joseph (D:8)
  A two-headed ogre (D:6)
  A hornet (D:8)
  Prince Ribbit (D:7)
  The ghost of Lluna the Sneak, an amateur KoAs (D:5)
  Edmund (Temple)
  2 orc warriors (D:7)
  5 ogres
  A necrophage (D:6)
  2 centaurs
  5 bullfrogs
  3 scorpions
  4 wights (D:8)
  A howler monkey (D:5)
  2 crimson imps (D:6)
  A centaur zombie (D:8)
  A quasit (D:8)
  5 hounds
  2 jellies
  7 orc wizards
  Crazy Yiuf (D:7)
  A centaur skeleton (D:5)
  3 orc priests (D:7)
  3 bullfrog skeletons
  4 worker ants
  A killer bee zombie (D:7)
  7 gnolls
  9 adders
  4 shadow imps
  4 oozes
  An adder skeleton (D:6)
  6 worms (D:3)
  3 dart slugs (D:1)
  6 leopard geckos
  19 orcs
  7 bats
  3 giant cockroaches
  9 goblins
  10 hobgoblins
  18 jackals
  8 kobolds
  7 quokkas
  2 ball pythons
  6 frilled lizards
  A jackal zombie (D:1)
  A quokka zombie (D:1)
  7 rats
198 creatures vanquished.

Vanquished Creatures (collateral kills)
  A scorpion (D:9)
  2 orcs (D:8)
3 creatures vanquished.

Grand Total: 201 creatures vanquished

Notes
Turn   | Place    | Note
-------+----------+-------------------------------------------
     0 | D:1      | Gorglomux the Formicid Fighter began the quest for the Orb.
     0 | D:1      | Reached XP level 1. HP: 18/18 MP: 1/1
   114 | D:1      | Reached XP level 2. HP: 24/24 MP: 2/2
   295 | D:1      | Reached XP level 3. HP: 25/30 MP: 3/3
   352 | D:1      | Reached skill level 3 in Maces & Flails
   907 | D:2      | Reached XP level 4. HP: 28/37 MP: 4/4
  1380 | D:2      | Found a blossoming altar of Fedhas.
  1580 | D:2      | Reached skill level 4 in Maces & Flails
  1664 | D:2      | Reached XP level 5. HP: 43/43 MP: 5/5
  2844 | D:3      | Noticed a moth of wrath
  2847 | D:3      | Found a bloodstained altar of Trog.
  2941 | D:3      | Reached XP level 6. HP: 47/49 MP: 6/6
  3186 | D:4      | Reached skill level 5 in Maces & Flails
  3478 | D:4      | Found an iron altar of Okawaru.
  3521 | D:4      | Noticed a dagger
  3557 | D:4      | Noticed a hand axe
  3560 | D:4      | Found a hide-covered altar of Uskayaw.
  3754 | D:5      | Entered Level 5 of the Dungeon
  3781 | D:5      | Noticed Lluna's ghost (amateur KoAs)
  3805 | D:5      | Killed Lluna's ghost
  3805 | D:5      | Reached skill level 5 in Fighting
  3805 | D:5      | Reached skill level 6 in Maces & Flails
  3805 | D:5      | Reached XP level 7. HP: 56/56 MP: 7/7
  4124 | D:5      | Reached skill level 7 in Maces & Flails
  4318 | D:5      | Reached XP level 8. HP: 50/64 MP: 8/8
  4900 | D:6      | Reached skill level 8 in Maces & Flails
  5044 | D:6      | Found a glowing golden altar of the Shining One.
  5044 | D:6      | Found a radiant altar of Vehumet.
  5048 | D:6      | Found a shadowy altar of Dithmenos.
  5048 | D:6      | Found a basalt altar of Yredelemnul.
  5076 | D:6      | Found a staircase to the Ecumenical Temple.
  5087 | Temple   | Entered the Ecumenical Temple
  5377 | D:6      | Reached skill level 9 in Maces & Flails
  5377 | D:6      | Reached XP level 9. HP: 72/72 MP: 9/9
  5560 | D:6      | Noticed Edmund
  5572 | D:6      | Noticed a two-headed ogre
  5633 | Temple   | Killed Edmund
  5745 | D:6      | Killed a two-headed ogre
  5846 | D:6      | Got a faintly humming scale mail
  5849 | D:6      | Identified the +6 scale mail of Benevolence {rN+ MR- rCorr Str+6} (You found it on level 6 of the Dungeon)
  6067 | D:7      | Noticed Prince Ribbit
  6081 | D:7      | Killed Prince Ribbit
  6081 | D:7      | Reached skill level 10 in Maces & Flails
  6118 | D:7      | Found an opulent altar of Gozag.
  6632 | D:7      | Found a sparkling altar of Nemelex Xobeh.
  6692 | D:7      | Found a runed door.
  6696 | D:7      | Noticed Crazy Yiuf
  6703 | D:7      | Killed Crazy Yiuf
  6869 | D:8      | Found a hazy altar of Hepliaklqana.
  6874 | D:8      | Became a worshipper of Hepliaklqana the Forgotten
  6917 | D:8      | Reached XP level 10. HP: 71/73 MP: 10/10
  6928 | D:8      | Reached skill level 11 in Maces & Flails
  6942 | D:8      | Found a stormy altar of Qazlal.
  7030 | D:8      | Noticed Joseph
  7043 | D:8      | Killed Joseph
  7710 | D:9      | Reached * piety under Hepliaklqana
  7866 | D:9      | Noticed Erolcha
  7873 | D:9      | Killed from afar by Erolcha

Skill      XL: |  1  2  3  4  5  6  7  8  9 10 |
---------------+-------------------------------+-----
Maces & Flails | 3 4 6 7 9 10 11 | 11.9
Fighting       | 4 5 6 7 8 9 |  9.6
Armour         | |  3.2
Shields        | |  3.6

Action                   |  1- 3 |  4- 6 |  7- 9 | 10-12 || total
-------------------------+-------+-------+-------+-------++-------
Melee: Flail             |    92 |   291 |   312 |    80 ||   775
       Dire flail        |       |       |     3 |       ||     3
Invok: Ancestor Identity |       |       |     1 |       ||     1
 Abil: Dig               |       |       |     5 |     1 ||     6
  Use: Scroll            |       |       |     4 |       ||     4
 Stab: Distracted        |       |       |       |     1 ||     1
  Eat: Chunk             |       |     9 |    12 |     3 ||    24
Armor: Scale mail        |    56 |   104 |   112 |    24 ||   296
Dodge: Dodged            |    31 |    81 |    86 |    21 ||   219
Block: Shield            |    63 |   131 |   128 |    31 ||   353
